 Dungeon Crawl Stone Soup version 0.28-a0-1629-gf728b707aa (webtiles) character file.

Game seed: 17819727771527519005

1488 Maelyn the Cleaver (level 8, -4/109 HPs)
             Began as a Minotaur Berserker on Dec 19, 2021.
             Was a Priest of Trog.
             Slain by an orc warrior (11 damage)
             ... on level 6 of the Dungeon on Jan 25, 2022.
             The game lasted 00:12:46 (4460 turns).

Maelyn the Cleaver (Minotaur Berserker)             Turns: 4460, Time: 00:12:47

Health: -4/109     AC:  9    Str: 23    XL:     8   Next: 51%
Magic:  7/7        EV: 11    Int:  4    God:    Trog [***...]
Gold:   244        SH:  0    Dex: 11    Spells: 7/7 levels left

rFire   . . .      SeeInvis .   a - +0 hand axe
rCold   . . .      Faith    .   (no shield)
rNeg    . . .      Spirit   .   h - +0 scale mail
rPois   .          Reflect  .   (helmet restricted)
rElec   .          Harm     .   f - +0 cloak
rCorr   .          Rampage  .   (no gloves)
Will    .....                   (no boots)
Stlth   ..........              (no amulet)
HPRegen 0.28/turn               (no ring)
MPRegen 0.10/turn               (no ring)

@: berserking, very quick
A: horns 2, retaliatory headbutt
a: Renounce Religion, Berserk, Trog's Hand


You were on level 6 of the Dungeon.
You worshipped Trog.
Trog was most pleased with you.
You visited 1 branch of the dungeon, and saw 6 of its levels.

You collected 244 gold pieces.

Inventory:

Hand Weapons
 a - a +0 hand axe (weapon)
 y - the +7 hunting sling of the Bespelling Fox {venom, Int+2}
   (You found it on level 5 of the Dungeon)

   Any ammunition fired from it poisons the flesh of those it strikes.
   Int:       It affects your intelligence (+2).
 D - the +10 mace "Arcanum" {protect, Stlth+}
   (You found it on level 6 of the Dungeon)

   It grants its wielder temporary protection when it strikes (+7 to AC).
   Stlth:     It makes you more stealthy.
Armour
 b - a +0 animal skin
 f - a +0 cloak (worn)
 h - a +0 scale mail (worn)
Magical Staves
 z - a staff of cold
Jewellery
 e - an amulet of guardian spirit
 o - a ring of poison resistance
 v - an amulet of magic regeneration
 x - a ring of protection from cold
 A - a +4 ring of slaying
 E - a ring of ice
Wands
 n - a wand of charming (3)
 s - a wand of paralysis (4)
 B - a wand of flame (2)
Scrolls
 c - 3 scrolls of identify {unknown}
 d - 3 scrolls of teleportation {unknown}
 g - 2 scrolls of fog {unknown}
 j - a scroll of brand weapon {unknown}
 k - 2 scrolls of fear {unknown}
 m - 2 scrolls of silence {unknown}
 r - a scroll of holy word {unknown}
 t - a scroll of vulnerability {unknown}
Potions
 i - 2 potions of haste {unknown}
 l - a potion of cancellation {unknown}
 p - 2 potions of mutation {unknown}
 q - a potion of attraction {unknown}
 u - a potion of flight {unknown}
 w - 2 potions of heal wounds {unknown}
 C - 2 potions of lignification {unknown}


   Skills:
 + Level 7.3 Fighting
 * Level 9.4 Axes
 + Level 6.5 Armour
 - Level 3.1 Dodging
 - Level 0.6 Stealth


You had 7 spell levels left.
You didn't know any spells.
Your spell library was empty.

Dungeon Overview and Level Annotations

Branches:
Dungeon (6/15)             Temple (0/1) D:4

Altars:

Shops:
D:4 =


Innate Abilities, Weirdness & Mutations

You have a pair of horns on your head.
You reflexively headbutt those who attack you in melee.


Message History

You closely miss the orc.
The orc warrior hits you with a +0 halberd!
The orc closely misses you.
You hit the orc warrior.
The orc warrior is lightly wounded.
You hit the orc but do no damage. The orc warrior barely misses you.
You furiously retaliate!
You headbutt the orc warrior, but do no damage.
You hit the orc warrior.
The orc warrior is lightly wounded.
You hit the orc. The orc hits you but does no damage.
You hit the orc warrior. Your headbutt misses the orc warrior.
The orc warrior is lightly wounded.
You barely miss the orc.
The orc warrior hits you with a +0 halberd!!
The orc hits you with a +0 flail.
* * * LOW HITPOINT WARNING * * *
A red film seems to cover your vision as you go berserk!
You feel yourself moving faster!
You feel mighty!
The orc warrior hits you with a +0 halberd!
* * * LOW HITPOINT WARNING * * *
The orc closely misses you.
You slash the orc warrior! You headbutt the orc warrior.
The orc warrior is heavily wounded.
You slash the orc!
You kill the orc!
Trog accepts your kill.
You hit the orc.
The orc warrior hits you with a +0 halberd.
* * * LOW HITPOINT WARNING * * *
You barely miss the orc warrior. Your headbutt misses the orc warrior.
The orc warrior is heavily wounded.
You barely miss the orc. The orc hits you with a +0 club.
* * * LOW HITPOINT WARNING * * *
The orc warrior hits you with a +0 halberd.
* * * LOW HITPOINT WARNING * * *
You see here a +0 flail.
You feel a strong urge to attack something.
The orc warrior hits you from afar with a +0 halberd!
You die...

### # # .# .# ### .##
# #.) .. # #o# .# #
#.###.# ########
#)##..# .......#
#.##@#
######†######)##o##.#
# #.##<.....).o..#
#.##.##.:...####
#.##.##.#.###
#.......#.#
####.####.# #.# #.#
#.. ..#


You could see an orc warrior and an orc.

Vanquished Creatures
  Pikel (D:4)
  Eustachio (D:4)
  A black bear (D:4)
  An ogre (D:5)
  A necrophage (D:5)
  A centaur (D:6)
  4 lemures (D:4)
  A phantom (D:6)
  A hound (D:6)
  2 jellies
  A centaur skeleton (D:5)
  2 iguanas (D:5)
  Natasha (twice) (D:2)
  4 orc wizards (D:6)
  A howler monkey zombie (D:6)
  4 adders
  A shadow imp (D:6)
  An ufetubus (D:5)
  2 worms (D:3)
  2 dart slugs
  4 orcs
  5 endoplasms
  A giant cockroach (D:4)
  4 goblins
  5 hobgoblins
  4 jackals
  5 kobolds
  2 quokkas
  5 ball pythons
  5 bats
  12 frilled lizards
  12 rats
98 creatures vanquished.

Vanquished Creatures (others)
  9 plants
9 creatures vanquished.

Grand Total: 107 creatures vanquished

Notes
Turn   | Place    | Note
-------+----------+-------------------------------------------
     0 | D:1      | Maelyn the Minotaur Berserker began the quest for the Orb.
     0 | D:1      | Reached XP level 1. HP: 19/19 MP: 0/0
    63 | D:1      | Found a faded altar of an unknown god.
    79 | D:1      | Reached XP level 2. HP: 20/27 MP: 1/1
   280 | D:1      | Reached skill level 4 in Axes
   366 | D:1      | Reached ** piety under Trog
   647 | D:1      | Reached XP level 3. HP: 29/33 MP: 2/2
  1094 | D:2      | Upgraded the game from 0.28-a0-1190-g77e1c55843 to
                  | 0.28-a0-1629-gf728b707aa
  1271 | D:2      | Noticed Natasha
  1287 | D:2      | Killed Natasha
  1534 | D:2      | Noticed Natasha
  1542 | D:2      | Killed Natasha
  1543 | D:2      | Reached XP level 4. HP: 32/41 MP: 3/3
  2007 | D:3      | Reached skill level 5 in Axes
  2322 | D:4      | Found Eruicsir's Jewellery Shop.
  2332 | D:4      | Found a staircase to the Ecumenical Temple.
  2349 | D:4      | Noticed Eustachio
  2360 | D:4      | Reached XP level 5. HP: 33/47 MP: 4/4
  2368 | D:4      | Killed Eustachio
  2369 | D:4      | Reached skill level 5 in Fighting
  2369 | D:4      | Reached skill level 6 in Axes
  2369 | D:4      | Reached XP level 6. HP: 28/56 MP: 5/5
  2518 | D:4      | HP: 2/84 [lemure[Pikel] (3)]
  2855 | D:4      | Noticed Pikel
  2868 | D:4      | Paralysed by Pikel for 2 turns
  2876 | D:4      | Killed Pikel
  2877 | D:4      | Reached skill level 8 in Axes
  2877 | D:4      | Reached skill level 5 in Armour
  2877 | D:4      | Reached XP level 7. HP: 38/64 MP: 6/6
  3222 | D:5      | Entered Level 5 of the Dungeon
  3245 | D:5      | Identified the +7 hunting sling of the Bespelling Fox
                  | {venom, Int+2}
  3417 | D:5      | Reached XP level 8. HP: 70/71 MP: 7/7
  3459 | D:5      | Reached *** piety under Trog
  3565 | D:5      | Found the +18 Lear's hauberk
  3897 | D:6      | Identified the +10 mace "Arcanum" {protect, Stlth+}
  3995 | D:6      | Reached skill level 9 in Axes
  4460 | D:6      | Slain by an orc warrior

Illustrated notes

Levels and vault maps discovered:
D:1:      amcnicky_arrival_blooded_trapdoor, layout_loops_corners,
          ebering_ecumenical_altar_mist
D:2:      layout_rooms, uniq_natasha
D:3:      layout_loops_ring, minmay_distorted
D:4:      cheibrodos_old_hovel, layout_rooms, minmay_temple_entry_glass,
          serial_shops, shop, serial_bayou_pond_a, uniq_eustachio, uniq_pikel
D:5:      layout_rooms, mumra_transporter_accident, minmay_lizard_king
D:6:      layout_loops_cross

Skill      XL: |  1  2  3  4  5  6  7  8 |
---------------+-------------------------+-----
Fighting       | 4 5 6 7 |  7.3
Axes           | 4 5 6 8 9 |  9.4
Armour         | 3 4 5 6 |  6.5
Dodging        | 3 |  3.1
Stealth        | |  0.6

Action                   |  1- 3 |  4- 6 |  7- 9 || total
-------------------------+-------+-------+-------++-------
Melee: Hand axe          |    77 |   102 |    89 ||   268
       Headbutt          |     9 |    23 |    15 ||    47
       Punch             |       |     1 |     2 ||     3
Invok: Berserk           |       |     2 |     2 ||     4
Armor: Animal skin       |     6 |       |       ||     6
       Scale mail        |     1 |    43 |    48 ||    92
Dodge: Dodged            |    51 |    54 |    52 ||   157

Table legend: (Time is in decaauts)
 A = Elapsed time spent in this place.
 B = Non-inter-level travel time spent in this place.
 C = Inter-level travel time spent in this place.
 D = Time resting spent in this place.
 E = Time spent auto-exploring this place.
 F = Levels seen in this place.
 G = Mean time per level.
                   A        B        C        D        E       F      G
               +--------+--------+--------+--------+--------+-----+--------+
         Total |   4484 |   4395 |     89 |      0 |   2829 |   6 |  747.3 |
       Dungeon |   4484 |   4395 |     89 |      0 |   2829 |   6 |  747.3 |
               +--------+--------+--------+--------+--------+-----+--------+

Top non-repeatable levels by time:
     D:1: 986 daAuts
     D:4: 915 daAuts
     D:3: 777 daAuts
     D:5: 629 daAuts
     D:6: 608 daAuts
     D:2: 568 daAuts
